 Dungeon Crawl Stone Soup version 0.16.0-1-gbc1383b (console) character file.

5284 gw the Spear-Bearer (level 10, 0/84 HPs)
             Began as a Demigod Fighter on Mar 14, 2015.
             Slain by a three-headed hydra (7 damage)
             ... on level 6 of the Dungeon.
             The game lasted 00:12:49 (10989 turns).

gw the Spear-Bearer (Demigod Fighter)              Turns: 10989, Time: 00:12:50

Health: 0/84       AC: 14    Str: 19    XL:     10   Next: 15%
Magic:  17/17      EV:  6    Int: 12    God:
Gold:   484        SH: 12    Dex: 21    Spells: 0 memorised, 9 levels left

rFire  + . .     SeeInvis .     a - +0 trident (drain)
rCold  . . .     Clarity  .     o - +2 chain mail {rF+}
rNeg   . . .     SustAb   +     c - +1 shield
rPois  .         Gourm    .     (helmet restricted)
rElec  .         Spirit   .     i - +0 cloak
rCorr  .         Warding  .     (no gloves)
rMut   .         Stasis   .     f - +0 pair of boots
MR     +....                    (no amulet)
Stlth  ..........               (no ring)
                                (no ring)

@: somewhat resistant to hostile enchantments, extremely unstealthy
A: antennae 1, sustain abilities
a: no special abilities


You were on level 6 of the Dungeon.
You were very hungry.

You visited 1 branch of the dungeon, and saw 8 of its levels.
You also visited: Ossuary.

You collected 484 gold pieces.

Inventory:

Hand weapons
 a - a +0 trident of draining (weapon)
Missiles
 e - 192 stones
 h - 47 poisoned needles
 B - 2 tomahawks (quivered)
Armour
 c - a +1 shield (worn)
 f - a +0 pair of boots (worn)
 i - a +0 cloak (worn)
 o - a +2 chain mail of fire resistance (worn)
Magical devices
 r - a wand of enslavement (5)
 s - a wand of digging (8)
 t - a wand of slowing (30)
 u - a wand of frost (18)
 v - a wand of random effects (37)
Scrolls
 l - a scroll of blinking {unknown}
 m - 7 scrolls of identify
 y - 3 scrolls of recharging
 z - 3 scrolls of remove curse
Potions
 g - a potion of invisibility
 k - 6 potions of heal wounds
 n - a potion of ambrosia
 q - 2 potions of restore abilities
 C - a potion of curing
Comestibles
 b - 11 fruits
 d - 3 bread rations
 j - 2 beef jerkies
 p - 7 slices of pizza
 x - a royal jelly


   Skills:
 + Level 6.7 Fighting
 * Level 9.0 Polearms
 + Level 5.8 Throwing
 + Level 6.5 Armour
 + Level 6.6 Shields


You had 9 spell levels left.
You didn't know any spells.

Dungeon Overview and Level Annotations

Branches:
Dungeon (8/15)             Temple (0/1) D:6
   Lair: D:8-11

Annotations:
D:4 exclusion: downstairs
D:6 exclusion: downstairs
D:7 exclusion: downstairs


Innate Abilities, Weirdness & Mutations

Your attributes are resistant to harm.
You have a pair of small antennae on your head.


Message History

Unknown command.
MOVING TO (4,1) Unknown command.
Unknown command.
Unknown command.
MOVING TO (3,1) Unknown command.
Unknown command.
Unknown command.
MOVING TO (2,1) Unknown command.
Unknown command.
Unknown command.
MOVING TO (1,1) Unknown command.
Unknown command.
Unknown command.
MOVING TO (0,-8)
The three-headed hydra bites you!
You die...

..#...'...'..........#
..##'###..##.....##..#
.......#'###...>.##..#
.....>.#..+..........#
##.....'..#..........#
.#.....#..##.....##..#
(#.....##'##..[..##..#
.+.....#.........##..#
.#.....#........p....#
.#.....+.......D.....#
.#.....##'####'####..#
.###.............##..#
...#.............#...#
...'.............'...#
#+##.............#+####
.......###+##.........#
.......'....#........:#


You could see a three-headed hydra.

Table legend:
 A = Turns spent in this place as a percentage of turns spent in the entire game.
 B = Non-inter-level travel turns spent in this place as a percentage of non-inter-level travel turns spent in the entire game.
 C = Inter-level travel turns spent in this place as a percentage of turns spent in this place.
 D = Turns resting spent in this place as a percentage of non-inter-level travel turns spent in this place.
 E = Turns spent auto-exploring this place as a percentage of non-inter-level travel turns spent in this place.
 F = Non-inter-level travel turns spent in this place divided by the number of levels of this place that you've seen.
                   A       B       C       D       E      F
               +-------+-------+-------+-------+-------+----------------------
         Total | 100.0 | 100.0 |   0.3 |   0.7 |   2.2 | 2664.1
       Dungeon |  69.5 |  69.4 |   0.4 |   0.9 |   2.3 | 2080.6
       Ossuary |  30.5 |  30.6 |   0.0 |   0.2 |   2.0 | 7332.0
               +-------+-------+-------+-------+-------+----------------------

Table legend:
 A = Kills in this place as a percentage of kills in entire the game.
 B = Kills by you in this place as a percentage of kills by you in the entire game.
 C = Kills by friends in this place as a percentage of kills by friends in the entire game.
 D = Other kills in this place as a percentage of other kills in the entire game.
 E = Experience gained in this place as a percentage of experience gained in the entire game.
 F = Experience gained in this place divided by the number of levels of this place that you have seen.
                   A       B       C       D       E      F
               +-------+-------+-------+-------+-------+----------------------
         Total | 100.0 | 100.0 |  -nan |  -nan | 100.0 | 832.7
       Dungeon |  94.1 |  94.1 |  -nan |  -nan |  97.2 | 910.6
       Ossuary |   5.9 |   5.9 |  -nan |  -nan |   2.8 | 209.0
               +-------+-------+-------+-------+-------+----------------------

Vanquished Creatures
  The ghost of aaron the Thaumaturge, an experienced HuWn of Vehumet (D:8)
  Pikel (D:4)
  The ghost of gw the Magician, an experienced HuFE (D:4)
  Prince Ribbit (D:8)
  2 yaks (D:8)
  Grum (D:8)
  3 wolves (D:8)
  An orc warrior (D:8)
  3 slaves (D:4)
  A black bear (D:8)
  A phantom (D:8)
  An ice beast (D:5)
  2 ogres
  3 big kobolds (D:8)
  Sigmund (D:6)
  2 giant frogs (D:6)
  3 scorpions (D:5)
  4 killer bees (D:8)
  4 wights (D:7)
  3 hounds
  A goliath beetle (D:6)
  4 crimson imps
  A giant frog skeleton (D:8)
  A jelly (D:6)
  4 orc priests
  A quasit (D:6)
  2 human zombies (Ossuary)
  3 centaur skeletons
  6 orc wizards
  6 worker ants
  Natasha (thrice) (D:3)
  3 iguanas
  A killer bee zombie (D:6)
  2 sheep (D:8)
  Jessica (D:2)
  A hound skeleton (D:4)
  Terence (D:3)
  2 hound zombies (Ossuary)
  5 mummies
  Robin (D:2)
  8 adders
  A shadow imp (D:8)
  A giant mite (D:2)
  4 worms
  2 adder zombies (Ossuary)
  An adder skeleton (D:5)
  6 giant geckos
  3 oozes
  35 orcs
  A ball python (D:3)
  11 bats
  A bat zombie (D:6)
  5 giant cockroaches
  26 goblins
  14 hobgoblins
  6 jackals
  7 quokkas
  A giant gecko zombie (D:5)
  2 giant newts
  A goblin zombie (Ossuary)
  17 kobolds
  3 kobold zombies (Ossuary)
  2 orc zombies (Ossuary)
  2 quokka skeletons
  25 rats
273 creatures vanquished.

Vanquished Creatures (others)
  4 jackals (D:5)
4 creatures vanquished.

Grand Total: 277 creatures vanquished

Notes
Turn   | Place    | Note
--------------------------------------------------------------
     0 | D:1      | gw, the Demigod Fighter, began the quest for the Orb.
     0 | D:1      | Reached XP level 1. HP: 18/18 MP: 2/2
   363 | D:1      | Reached XP level 2. HP: 20/25 MP: 3/3
   816 | D:1      | Reached skill level 3 in Shields
   994 | D:1      | Reached skill level 4 in Fighting
   994 | D:1      | Reached skill level 5 in Polearms
   994 | D:1      | Reached XP level 3. HP: 30/34 MP: 5/5
  1084 | D:2      | Noticed Robin
  1109 | D:2      | Killed Robin
  1109 | D:2      | Reached XP level 4. HP: 8/41 MP: 7/7
  1197 | D:2      | HP: 2/41 [poisoned by a kobold]
  1896 | D:2      | Noticed Jessica
  1898 | D:2      | Killed Jessica
  1953 | D:2      | Reached XP level 5. HP: 47/47 MP: 8/8
  2429 | D:3      | Found a shadowy altar of Dithmenos.
  2440 | D:3      | Noticed Natasha
  2456 | D:3      | Killed Natasha
  2472 | D:3      | Noticed Natasha
  2476 | D:3      | Killed Natasha
  2607 | D:3      | Reached XP level 6. HP: 53/53 MP: 10/10
  2632 | D:3      | Found a radiant altar of Vehumet.
  2633 | D:3      | Found a white marble altar of Elyvilon.
  2655 | D:3      | Noticed Terence
  2662 | D:3      | Killed Terence
  3027 | D:3      | Noticed Natasha
  3032 | D:3      | Killed Natasha
  3049 | D:3      | Found a bloodstained altar of Trog.
  3463 | D:4      | Noticed gw's ghost (experienced HuFE)
  3467 | D:4      | Found an opulent altar of Gozag.
  3478 | D:4      | Killed gw's ghost
  3478 | D:4      | Reached skill level 6 in Polearms
  3478 | D:4      | Reached skill level 5 in Shields
  3478 | D:4      | Reached XP level 7. HP: 42/60 MP: 12/12
  3832 | D:4      | Reached skill level 5 in Fighting
  3946 | D:4      | Found a blossoming altar of Fedhas.
  4156 | D:5      | Entered Level 5 of the Dungeon
  4168 | D:5      | Noticed Pikel
  4393 | D:4      | Killed Pikel
  4393 | D:4      | Reached skill level 5 in Armour
  4393 | D:4      | Reached XP level 8. HP: 60/68 MP: 13/13
  4753 | D:5      | Reached skill level 7 in Polearms
  6682 | D:6      | Found a staircase to the Ecumenical Temple.
  7072 | D:6      | Found a sparkling altar of Nemelex Xobeh.
  7223 | D:6      | Noticed Sigmund
  7227 | D:6      | Found a snail-covered altar of Cheibriados.
  7231 | D:6      | Killed Sigmund
  7258 | D:6      | Gained mutation: You have a pair of small antennae on your head. [potion of beneficial mutation]
  7556 | D:7      | Reached XP level 9. HP: 50/75 MP: 15/15
  7771 | D:7      | Reached skill level 5 in Throwing
  7913 | D:7      | Found a sand-covered staircase.
  7934 | Ossuary  | Entered an ossuary
  8823 | D:8      | Reached skill level 8 in Polearms
  8876 | D:8      | Noticed aaron's ghost (experienced HuWn)
  8899 | D:8      | Killed aaron's ghost
  9365 | D:8      | Noticed Prince Ribbit
  9396 | D:8      | Killed Prince Ribbit
  9527 | D:8      | Noticed Grum
  9562 | D:8      | Found a sacrificial altar of Ru.
  9710 | D:8      | Found a shimmering altar of Xom.
  9846 | D:8      | Found a basalt altar of Yredelemnul.
  9857 | D:8      | Found an ancient bone altar of Kikubaaqudgha.
  9883 | D:8      | Reached XP level 10. HP: 84/84 MP: 17/17
 10089 | D:8      | Killed Grum
 10642 | D:8      | Noticed a three-headed hydra
 10648 | D:8      | Reached skill level 9 in Polearms
 10989 | D:6      | Slain by a three-headed hydra

Action                   |  1- 3 |  4- 6 |  7- 9 | 10-12 || total
-------------------------+-------+-------+-------+-------++-------
Melee: Trident           |    84 |   197 |   471 |    57 ||   809
Throw: Stone             |       |    82 |   126 |    11 ||   219
       Tomahawk          |       |       |    54 |     6 ||    60
Evoke: Wand              |       |     1 |     2 |       ||     3
  Use: Scroll            |     3 |     4 |     6 |     1 ||    14
       Potion            |     2 |     6 |     8 |     1 ||    17
 Stab: Distracted        |       |       |       |     1 ||     1
  Eat: Chunk             |       |     9 |    15 |     3 ||    27
       Bread ration      |       |       |     1 |       ||     1
       Fruit             |       |       |       |     1 ||     1

Vault maps used:
D:1:      scummos_arrival_hexagon
D:2:      serial_park_square1, minmay_strange_pillars, uniq_robin, uniq_jessica
D:3:      lemuel_doored_altar, grunt_dithmenos_smoke,
          grunt_temple_overflow_open, uniq_terence, uniq_natasha
D:4:      nicolae_gozag_seed_capital, fedhas_altar_2
D:5:      erik_ogre, first_bread, uniq_pikel
D:6:      nemelex_xobeh_ov_fountains_minmay, lemuel_coloured_pillars_altar,
          minmay_temple_entry_water_ring, uniq_sigmund
D:7:      gup_ossuary_entry_pyramid
D:8:      xom_teletrap_fun, nicolae_overflow_crystal_walls,
          lemuel_crystal_altar, hangedman_ranch, yredelemnul_altar_generic,
          uniq_prince_ribbit1, uniq_grum
Ossuary:  ossuary_minmay_tomb_2a
